 Dungeon Crawl Stone Soup version 0.25.0-15-gac7dcb8919 (webtiles) character file.

Game seed: 17485133135021510540

3778 Delamore the Severer (level 10, -4/88 HPs)
             Began as a Hill Orc Monk on June 29, 2020.
             Was a High Priest of Okawaru.
             Slain by a wyvern (11 damage)
             ... on level 8 of the Dungeon.
             The game lasted 00:11:41 (8990 turns).

Delamore the Severer (Hill Orc Monk)                Turns: 8990, Time: 00:11:41

Health: -4/88      AC:  6    Str: 18    XL:     10   Next: 16%
Magic:  8/10       EV: 15    Int: 10    God:    Okawaru [*****.]
Gold:   475        SH:  0    Dex: 13    Spells: 9/9 levels left

rFire    . . .     SeeInvis .   E - +0 hand axe (vorpal)
rCold    . . .     Gourm    .   (no shield)
rNeg     . . .     Faith    +   n - +0 ring mail
rPois    +         Spirit   .   (no helmet)
rElec    .         Reflect  .   (no cloak)
rCorr    .         Harm     .   (no gloves)
MR       .....                  (no boots)
Stlth    +++.......             s - amulet of faith
HPRegen  0.24/turn              d - +4 ring of slaying (curse)
MPRegen  0.12/turn              F - ring of poison resistance

@: mighty, heroism
A: no striking features
a: Heroism, Finesse, Renounce Religion


You were on level 8 of the Dungeon.
You worshipped Okawaru.
Okawaru was extremely pleased with you.
You were not hungry.

You visited 2 branches of the dungeon, and saw 9 of its levels.
You also visited: Ossuary.

You collected 475 gold pieces.

Inventory:

Hand Weapons
 a - a +0 hand axe
 E - a +0 vorpal hand axe (weapon)
Missiles
 o - 6 atropa-tipped darts (quivered)
Armour
 n - a +0 ring mail (worn)
Jewellery
 d - a cursed +4 ring of slaying (left hand)
 e - an uncursed ring of see invisible
 s - an amulet of faith (around neck)
 F - a ring of poison resistance (right hand)
 H - an uncursed ring of protection from magic
 J - an uncursed amulet of the acrobat {unknown}
Wands
 b - a wand of flame (9)
 w - a wand of clouds (7)
Scrolls
 g - 6 scrolls of remove curse
 h - a scroll of magic mapping
 j - 6 scrolls of enchant weapon
 k - 2 scrolls of fear
 p - 5 scrolls of noise
 q - 8 scrolls of teleportation
 u - 5 scrolls of amnesia
 y - 5 scrolls of random uselessness
 A - a scroll of fog
 G - a scroll of enchant armour
Potions
 f - 2 potions of haste {unknown}
 i - 4 potions of flight
 l - 5 potions of curing
 m - 2 potions of might
 r - 3 potions of stabbing {unknown}
 t - a potion of invisibility {unknown}
 v - 3 potions of resistance
 x - 3 potions of mutation
 B - 2 potions of cancellation {unknown}
 C - 3 potions of degeneration
 D - 3 potions of ambrosia
Comestibles
 c - 15 rations
 I - 4 chunks of flesh


   Skills:
 + Level 7.7(12.7) Fighting
 - Level 16.3(21.3) Axes
 - Level 2.4(7.4) Dodging
 - Level 1.5(6.5) Stealth


You had 9 spell levels left.
You didn't know any spells.
Your spell library was empty.

Dungeon Overview and Level Annotations

Branches:
Dungeon (8/15)             Temple (1/1) D:4         Ossuary (visited)
   Lair: D:8-11

Altars:
Ashenzari
Cheibriados
Dithmenos
Elyvilon
Fedhas
Gozag
Hepliaklqana
Kikubaaqudgha
Makhleb
Nemelex Xobeh
Okawaru
Qazlal
Ru
Sif Muna
Trog
Uskayaw
Vehumet
Wu Jian
Xom
Yredelemnul
Zin
The Shining One

Annotations:
D:7 3 runed translucent doors, Krehm's ghost, novice OpTm


Message History

Okawaru accepts your kill. The wyvern barely misses you.
You barely miss the wyvern.
The wyvern is heavily wounded.
You slice the howler monkey!!
You kill the howler monkey!
Okawaru accepts your kill. The wyvern completely misses you.
You closely miss the wyvern. Your punch misses the wyvern.
The wyvern is heavily wounded.
You completely miss the wyvern.
The wyvern is heavily wounded.
The wyvern bites you!
* * * LOW HITPOINT WARNING * * *
You closely miss the orc wizard. You barely miss the wyvern.
The wyvern closely misses you.
The orc wizard hits you with a +0 dagger.
* * * LOW HITPOINT WARNING * * *
You feel better. The wyvern misses you. The wyvern bites you!
You die...

....... ..... ..... # ...
.# ... ## ..####.####. ##
#..#.#.#.# .##.####
#.#.#.#.###.#.#@o##
##...#...##.##l##l#
##.#.#.#.#.##..#.#.##
#..#.#.#)#.#####.##5#
..####.####.##..###h##.#.
.## .#. ##..####.##....
## # # #####֠##..... #
###h### ..... # # #...##
......


You could see a wyvern, an iguana and an orc wizard.

Vanquished Creatures
  A centaur warrior (D:8)
  A spriggan (D:7)
  A hungry ghost (D:6)
  Menkaure (D:5)
  2 water moccasins
  2 sky beasts
  An eye of draining (D:8)
  A phantom (D:5)
  An ogre (D:6)
  4 centaurs
  3 bullfrogs
  A water moccasin skeleton (D:8)
  4 scorpions
  3 howler monkeys
  The ghost of paps the Insei, a weakling OpTm (D:3)
  2 crimson imps
  A jelly (D:4)
  2 centaur zombies (Ossuary)
  A centaur skeleton (D:5)
  4 hounds
  3 orc priests
  7 orc wizards
  2 bullfrog skeletons
  3 worker ants
  3 iguanas
  A killer bee zombie (D:8)
  2 big kobold zombies (Ossuary)
  A hound zombie (D:6)
  5 mummies (Ossuary)
  A worker ant zombie (D:5)
  7 gnolls
  4 adders
  A shadow imp (D:6)
  An ooze (D:3)
  An adder zombie (D:8)
  An adder skeleton (D:7)
  2 worms (D:2)
  A dart slug (D:5)
  A leopard gecko (D:4)
  12 orcs
  A ball python (D:4)
  4 bats
  5 giant cockroaches
  2 goblins
  5 hobgoblins
  5 jackals
  A quokka (D:6)
  2 goblin zombies (Ossuary)
  A hobgoblin zombie (Ossuary)
  4 jackal skeletons
  7 kobolds
  A leopard gecko skeleton (D:6)
  An orc zombie (Ossuary)
  3 rats
138 creatures vanquished.

Vanquished Creatures (others)
  A sky beast (D:7)
1 creature vanquished.

Grand Total: 139 creatures vanquished

Notes
Turn   | Place    | Note
-------+----------+-------------------------------------------
     0 | D:1      | Delamore the Hill Orc Monk began the quest for the Orb.
     0 | D:1      | Reached XP level 1. HP: 19/19 MP: 1/1
   219 | D:1      | Reached XP level 2. HP: 26/26 MP: 2/2
   764 | D:2      | Reached skill level 5 in Axes
  1093 | D:2      | Reached XP level 3. HP: 31/31 MP: 3/3
  1637 | D:3      | Found a runed translucent door.
  1638 | D:3      | Noticed paps's ghost (weakling OpTm)
  1787 | D:3      | Reached skill level 6 in Axes
  1920 | D:3      | Reached XP level 4. HP: 21/39 MP: 4/4
  2316 | D:3      | Found a faded altar of an unknown god.
  2351 | D:3      | You fall into a shaft and drop 2 floors!
  2351 | D:5      | Entered Level 5 of the Dungeon
  2381 | D:5      | Reached skill level 7 in Axes
  2381 | D:5      | Reached XP level 5. HP: 21/45 MP: 5/5
  2579 | D:5      | Reached skill level 8 in Axes
  3014 | D:4      | Reached XP level 6. HP: 45/51 MP: 6/6
  3024 | D:4      | Reached skill level 9 in Axes
  3292 | D:4      | Reached skill level 10 in Axes
  3292 | D:4      | Reached XP level 7. HP: 21/57 MP: 7/7
  3317 | D:4      | Found a sand-covered staircase.
  3325 | Ossuary  | Entered an ossuary
  3991 | D:4      | Reached skill level 11 in Axes
  4379 | D:3      | Killed paps's ghost
  4598 | D:4      | Found a staircase to the Ecumenical Temple.
  4606 | Temple   | Entered the Ecumenical Temple
  4742 | Temple   | Became a worshipper of Warmaster Okawaru
  4742 | Temple   | Reached * piety under Okawaru
  4742 | Temple   | Reached ** piety under Okawaru
  4941 | D:5      | Noticed Menkaure
  4957 | D:5      | Killed Menkaure
  4957 | D:5      | Reached XP level 8. HP: 34/64 MP: 8/8
  5230 | D:5      | Reached skill level 12 in Axes
  6091 | D:6      | Found a stormy altar of Qazlal.
  6281 | D:6      | Found an ancient bone altar of Kikubaaqudgha.
  6327 | D:6      | Reached *** piety under Okawaru
  6327 | D:6      | Reached skill level 13 in Axes
  6752 | D:6      | Reached skill level 14 in Axes
  7041 | D:7      | Reached XP level 9. HP: 60/70 MP: 9/9
  7516 | D:7      | Reached skill level 15 in Axes
  7592 | D:7      | Reached **** piety under Okawaru
  7837 | D:7      | Found an opulent altar of Gozag.
  7838 | D:7      | Found a glowing golden altar of the Shining One.
  7841 | D:7      | Found a shimmering blue altar of Sif Muna.
  7842 | D:7      | Found a glowing silver altar of Zin.
  7843 | D:7      | Found a burning altar of Makhleb.
  7844 | D:7      | Found an ancient bone altar of Kikubaaqudgha.
  8155 | D:7      | Found a runed translucent gate.
  8155 | D:7      | Found a runed translucent gate.
  8155 | D:7      | Found a runed translucent gate.
  8155 | D:7      | Noticed Krehm's ghost (novice OpTm)
  8501 | D:8      | Reached skill level 16 in Axes
  8931 | D:8      | Noticed a centaur warrior
  8951 | D:8      | Killed a centaur warrior
  8951 | D:8      | Reached ***** piety under Okawaru
  8951 | D:8      | Reached XP level 10. HP: 30/86 MP: 10/10
  8971 | D:8      | HP: 2/86 [bullfrog (3)]
  8989 | D:8      | HP: 2/88 [orc wizard/+0 dagger (4)]
  8990 | D:8      | Slain by a wyvern

Illustrated notes

Levels and vault maps discovered:
D:1:      lightli_arrival_boilingwater, layout_loops_ring
D:2:      layout_loops_ring, minmay_heptomino_o4
D:3:      minmay_angry_zag, layout_basic, ebering_ghost_reflecting_pool,
          chequers_ecumenical_altar_simple, first_ration
D:4:      layout_layer_cave, minmay_temple_entry_proselytizer,
          nicolae_ossuary_entry_monument
D:5:      layout_basic, solitary_fountain, uniq_menkaure
D:6:      layout_loops_ring, overflow_temple_1_default, basic_altar
D:7:      layout_rooms, grunt_temple_overflow_open, gammafunk_ghost_necromancy,
          the_bakery, nicolae_underground_beach
D:8:      minmay_the_grid_octo_tiled_octocenter
          [minmay_the_grid_octo_vomiting_pacman, minmay_the_grid_octo_focus,
          minmay_the_grid_octo_fat_diamond, minmay_the_grid_octo_fan_narrow,
          minmay_the_grid_octo_prize_big_c, minmay_the_grid_square_5x5_detours,
          minmay_the_grid_square_5x5_beaten_path,
          minmay_the_grid_square_5x5_comb,
          minmay_the_grid_square_5x5_hollow_slash], layout_cave_pools,
          grunt_decor_resistance, minmay_misc_feat_cross
Temple:   regret_index_temple_waves

Skill      XL: |  1  2  3  4  5  6  7  8  9 |
---------------+----------------------------+-----
Axes           | 5 6 7 8 10 11 14 16 | 16.3
Fighting       | 7 |  7.7
Dodging        | |  2.4
Stealth        | |  1.5

Action                   |  1- 3 |  4- 6 |  7- 9 | 10-12 || total
-------------------------+-------+-------+-------+-------++-------
Melee: Hand axe          |    73 |    77 |   384 |    12 ||   546
Throw: Dart              |       |       |     2 |       ||     2
Invok: Heroism           |       |       |       |     1 ||     1
  Use: Potion            |       |     2 |     1 |     4 ||     7
       Scroll            |       |     6 |    10 |       ||    16
 Stab: Sleeping          |     3 |       |     2 |       ||     5
       Distracted        |       |       |     1 |       ||     1
  Eat: Chunk             |     3 |     1 |    12 |       ||    16
       Ration            |       |     1 |     2 |       ||     3
Armor: Robe              |     3 |       |       |       ||     3
       Ring mail         |    11 |    21 |    65 |     2 ||    99
Dodge: Dodged            |    50 |    28 |   147 |    12 ||   237
